 Dungeon Sprint DCSS version 0.19.1 (webtiles) character file.

1203 Groucho the Unseen (level 8, 37/37 HPs)
             Began as a Spriggan Enchanter on Dec 16, 2016.
             Got out of the dungeon alive.
             The game lasted 00:05:01 (1228 turns).

Groucho the Unseen (Spriggan Enchanter)             Turns: 1228, Time: 00:05:02

Health: 37/37      AC:  3    Str:  6    XL:     8   Next: 21%
Magic:  23/23      EV: 19    Int: 17    God:
Gold:   972        SH:  0    Dex: 16    Spells: 5 memorised, 15 levels left

rFire  . . .     SeeInvis +     a - +1 dagger
rCold  . . .     Gourm    .     b - +1 robe
rNeg   . . .     Faith    .     (shield restricted)
rPois  .         Spirit   .     (helmet restricted)
rElec  .         Reflect  .     (no cloak)
rCorr  .         Harm     .     (gloves unavailable)
MR     +....     NoTele   +     (boots unavailable)
Stlth  +++++++...               (no amulet)
                                (no ring)
                                (no ring)

@: very quick
A: unfitting armour, see invisible, herbivore 3, speed 3, slow metabolism 2
a: no special abilities


You escaped.
You were not hungry.

You visited 1 branch You collected 972 gold pieces.

Inventory:

Hand Weapons
 a - a +1 dagger (weapon)
Armour
 b - a +1 robe (worn)
Scrolls
 j - a scroll of blinking
Potions
 h - a potion of magic
Books
 c - a book of Maledictions

   Spells                             Type                      Level
   a - Corona                         Hexes                        1
   b - Ensorcelled Hibernation        Hexes/Ice                    2
   c - Confuse                        Hexes                        3
   d - Tukima's Dance                 Hexes                        3
   e - Dazzling Spray                 Conjuration/Hexes            3
Comestibles
 d - a bread ration


   Skills:
 * Level 0.7 Fighting
 * Level 9.0 Short Blades
 * Level 3.5 Dodging
 * Level 16.9 Stealth
 + Level 10.0 Spellcasting
 + Level 10.3 Hexes


You had 15 spell levels left.
You knew the following spells:

 Your Spells              Type           Power        Failure   Level  Hunger
a - Corona                Hex            #####..      1%          1    None
b - Confuse               Hex            #####...     1%          3    None
c - Ensorcelled Hibernat  Hex/Ice        ####..       1%          2    None
d - Dazzling Spray        Conj/Hex       ####..       3%          3    None
e - Tukima's Dance        Hex            #####...     1%          3    None


Dungeon Overview and Level Annotations

Branches:
Dungeon (1/1)

Altars:

Shops:
D ?:!}(:[!*[:!=%}=

Annotations:
D exclusion: oklob plant


Innate Abilities, Weirdness & Mutations

You are very small and have problems with some larger weapons.
You are too small for most types of armour.
You have supernaturally acute eyesight. (SInv)
You are a herbivore.
You cover ground extremely quickly.
You need consume almost no food.


Message History

There is an entrance to Bel Utautz's Jewellery Shoppe here.
There is a fountain of clear blue water here.
Really walk into a travel-excluded area? [Y]es or [N]o only, please.
Really walk into a travel-excluded area?
Okay, then.
There is an entrance to Biarr's Gadget Shoppe here.
Really walk into a travel-excluded area?
There is an entrance to Ruheoph's Jewellery Emporium here.
A large slime creature splits.
A slime creature suddenly disappears!
There is an open door here.
You enter the shallow water.
Moving in this stuff is going to be slow.
There is an open door, spattered with blood here.
You see here a crocodile corpse.
There is an open door here.
There is a staircase leading out of the dungeon here.
Are you sure you want to leave the Dungeon?
This will make you lose the game!
You have escaped!

##########≈≈#+++
#########≈≈≈...
.∩.∩....#≈≈≈≈.##+
..∩.∩...#≈≈≈≈##.# ##
...∩.∩..#≈≈≈≈#.###.#
....∩.⌠.#≈≈####.#.####
...∩.∩..#≈##.###'###.##
..∩.∩...#≈#...##.##...#
.∩.∩....'≈†.##'.@.'###+
∩.∩.....#≈#...##.##...#
▓▓▓▓▓▓###≈##.###'###.##
(hh######≈≈#####..####


J.h#Y ##≈≈≈#.##..# ∩PJ+.Y +#≈##.#.## (..#$# ≈≈##+## !$.###§ #≈≈≈≈≈≈≈≈≈≈§
#+++#+++#≈≈≈ There were no monsters in sight!

Vanquished Creatures
  2 tyrant leeches (D)
  2 hippogriffs (D)
  4 necrophages (D)
  A crocodile (D)
  3 worms (D)
12 creatures vanquished.

Vanquished Creatures (others)
  Menkaure (D)
  A crocodile (D)
2 creatures vanquished.

Grand Total: 14 creatures vanquished

Notes
Turn   | Place    | Note
-------+----------+-------------------------------------------
     0 | D        | Groucho the Spriggan Enchanter began the quest for the Orb.
     0 | D        | Reached XP level 1. HP: 9/9 MP: 5/5
     1 | D        | Noticed a necrophage
     1 | D        | Noticed a necrophage
     1 | D        | Noticed a necrophage
     1 | D        | Noticed a necrophage
     7 | D        | Killed a necrophage
     7 | D        | Reached skill level 9 in Stealth
     7 | D        | Reached skill level 5 in Spellcasting
     7 | D        | Reached skill level 5 in Hexes
     7 | D        | Reached XP level 2. HP: 13/13 MP: 6/9
     7 | D        | Reached XP level 3. HP: 16/16 MP: 6/10
     7 | D        | Reached XP level 4. HP: 21/21 MP: 7/12
     9 | D        | Killed a necrophage
     9 | D        | Reached skill level 5 in Short Blades
     9 | D        | Reached skill level 11 in Stealth
     9 | D        | Reached XP level 5. HP: 24/24 MP: 7/14
    40 | D        | Killed a necrophage
    40 | D        | Reached skill level 12 in Stealth
    56 | D        | Learned a level 3 spell: Confuse
    60 | D        | Killed a necrophage
    60 | D        | Reached skill level 13 in Stealth
    60 | D        | Reached XP level 6. HP: 9/28 MP: 3/17
    64 | D        | Learned a level 2 spell: Ensorcelled Hibernation
    68 | D        | Learned a level 3 spell: Dazzling Spray
    72 | D        | Learned a level 3 spell: Tukima's Dance
    94 | D        | Killed Menkaure
   376 | D        | Noticed a hippogriff
   376 | D        | Noticed a hippogriff
   380 | D        | Killed a hippogriff
   380 | D        | Reached skill level 14 in Stealth
   380 | D        | Reached XP level 7. HP: 32/32 MP: 15/19
   382 | D        | Killed a hippogriff
   382 | D        | Reached skill level 15 in Stealth
   388 | D        | Noticed a tyrant leech
   388 | D        | Noticed a tyrant leech
   431 | D        | Killed a tyrant leech
   431 | D        | Reached skill level 16 in Stealth
   798 | D        | Killed a tyrant leech
   798 | D        | Reached skill level 10 in Spellcasting
   798 | D        | Reached skill level 10 in Hexes
   798 | D        | Reached XP level 8. HP: 16/36 MP: 20/23
  1164 | D        | Found Ruheoph's Jewellery Emporium.
  1164 | D        | Found Bel Utautz's Jewellery Shoppe.
  1164 | D        | Found Biarr's Gadget Shoppe.
  1164 | D        | Found Kostras's Distillery.
  1165 | D        | Found Lilefato's Food Emporium.
  1165 | D        | Found Ecwoebuw's Antique Armour Shoppe.
  1165 | D        | Found Ugeurchupo's Assorted Antiques.
  1165 | D        | Found Anes's Distillery.
  1166 | D        | Found Estis's Book Shoppe.
  1166 | D        | Found Woferhie's Book Emporium.
  1166 | D        | Found Uwnuugua's Antique Armour Emporium.
  1166 | D        | Found Daock's Antique Weapon Shoppe.
  1179 | D        | Found Giypnebb's Gadget Shoppe.
  1179 | D        | Found Mohauhac's Distillery.
  1179 | D        | Noticed an oklob plant
  1180 | D        | Found Wuixudoi's Magic Scroll Shoppe.
  1180 | D        | Found Qebizece's Book Shoppe.
  1181 | D        | Noticed a slime creature
  1182 | D        | Noticed a slime creature
  1182 | D        | Noticed a slime creature
  1228 | D        | Got out of the dungeon alive.

Skill      XL: |  1  2  3  4  5  6  7  8 |
---------------+-------------------------+-----
Short Blades   | 4 5 6 7 8 9 |  9.0
Stealth        | 9 11 13 14 16 | 16.9
Spellcasting   | 5 6 7 8 10 | 10.0
Hexes          | 5 6 8 10 | 10.3
Fighting       | |  0.7
Dodging        | |  3.5

Action                   |  1- 3 |  4- 6 |  7- 9 || total
-------------------------+-------+-------+-------++-------
Melee: Dagger            |     5 |    30 |    18 ||    53
 Cast: Confuse           |       |     3 |     6 ||     9
       Ensorcelled Hiber |       |     1 |     5 ||     6
  Use: Potion            |     1 |     3 |     1 ||     5
 Stab: Confused          |       |     1 |     5 ||     6
       Sleeping          |       |     1 |     4 ||     5
Armor: Robe              |     2 |     4 |     1 ||     7
Dodge: Dodged            |       |    24 |     3 ||    27
